 Dungeon Crawl Stone Soup version 0.31-a0-818-ge7c7cf74f0 (webtiles) character file.

Game seed: 756141199196311112

889 quinnr the Zephyrmancer (level 8, 0/41 HPs)
             Began as a Tengu Air Elementalist on Sept 22, 2023.
             Was an Initiate of Vehumet.
             Slain by an unseen horror (3 damage)
             ... on level 5 of the Dungeon.
             The game lasted 00:07:19 (5123 turns).

quinnr the Zephyrmancer (Tengu Air Elementalist)    Turns: 5123, Time: 00:07:20

Health: 0/41       AC:  8    Str:  9    XL:     8   Next: 6%
Magic:  6/15       EV: 16    Int: 17    God:    Vehumet [......]
Gold:   137        SH:  0    Dex: 15    Spells: 5/15 levels left

rFire   . . .        k - +0 dagger (elec)
rCold   . . .        l - orb {mayhem}
rNeg    . . .        a - +0 robe
rPois   .            (helmet restricted)
rElec   .            n - +1 cloak
rCorr   .            (no gloves)
SInv    .            (boots unavailable)
Will    .....        (no amulet)
Stlth   ++           T - +4 ring of protection
HPRegen 0.26/turn    (no ring)
MPRegen 0.14/turn

%: mayhem, acrobat
@: flying, invisible
A: beak, talons 3, evasive flight, acrobatic
a: Renounce Religion


You were on level 5 of the Dungeon.
You worshipped Vehumet.
Vehumet was noncommittal.
You visited 2 branches of the dungeon, and saw 7 of its levels.

You collected 206 gold pieces.
You spent 69 gold pieces at shops.


Innate Abilities, Weirdness & Mutations

You have a beak for a mouth.
You have claws for feet.
Your magical flight helps you evade attacks. (EV +4)
You can magically evade attacks while moving or waiting.


   Skills:
 - Level 2.1 Dodging
 - Level 2.0 Stealth
 + Level 4.0 Spellcasting
 - Level 1.3 Conjurations
 + Level 9.7 Air Magic
 - Level 4.0 Evocations


You had 5 spell levels left.
You knew the following spells:

 Your Spells              Type           Power      Damage    Failure   Level
a - Airstrike             Air            18%        2d(3-19)  2%          4
i - Swiftness             Air            36%        N/A       1%          3
t - Static Discharge      Conj/Air       44%        2-4/arc   2%          2
z - Shock                 Conj/Air       88%        1d8       1%          1

Your spell library contained the following spells:

 Spells                   Type           Power      Damage    Failure   Level


Inventory:

Hand Weapons
 k - a +0 dagger of electrocution (weapon)
Armour
 a - a +0 robe (worn)
 l - an orb of mayhem (worn)
 n - a +1 cloak (worn)
Jewellery
 T - a +4 ring of protection (left hand)
Wands
 s - a wand of iceblast (8)
Scrolls
 d - a scroll of blinking {unknown}
 f - a scroll of noise {unknown}
 j - 2 scrolls of amnesia
 m - 2 scrolls of brand weapon {unknown}
 o - a scroll of silence {unknown}
 t - a scroll of teleportation {@r2}
 u - a scroll of vulnerability {unknown}
Potions
 b - 2 potions of magic
 c - a potion of invisibility
 e - 2 potions of mutation {unknown}
 g - 2 potions of enlightenment
 h - a potion of attraction {unknown}
 i - 2 potions of heal wounds {unknown}
 p - a potion of brilliance
 q - 2 potions of curing {unknown}
 r - a potion of resistance

Dungeon Overview and Level Annotations

Branches:
Dungeon (6/15)             Temple (1/1) D:4

Altars:
Ashenzari
Cheibriados
Dithmenos
Elyvilon
Fedhas
Gozag
Hepliaklqana
Kikubaaqudgha
Makhleb
Nemelex Xobeh
Okawaru
Qazlal
Ru
Sif Muna
Trog
Uskayaw
Vehumet
Wu Jian
Yredelemnul
Zin
The Shining One

Shops:
D:3

* ...######..>.....#..
...#...............#
.....###..............
...### #..........###.
...# #......(.#...
#### #...####.###..
... #...# #.## #. ...
##### #..# ....
###@######.....
#....†l..#.....
#..............
#....)o.....?..
#.....)........
##########...!. ...#
###


You could see a neutral iguana (fast, strong, frenzied, unable to see you) and a
neutral orc wizard (fast, strong, frenzied, unable to see you).


Message History

Unknown command.
Unknown command.
The iguana completely misses the scorpion.
Something closely misses you. The orc wizard completely misses you.
The orc misses you.
Items here: )) [ ††.
Something hits you!
* * * LOW HITPOINT WARNING * * *
Something misses you.
The orc wizard hits the orc with a +0 dagger.
Something closely misses you.
The iguana barely misses the orc.
Something closely misses you.
The orc wizard barely misses the orc.
The scorpion completely misses you.
The orc wizard hits the orc with a +0 dagger.
The orc dies!
Vehumet accepts your kill.
Unknown command.
Something completely misses you.
The iguana bites the scorpion!
The scorpion dies!
Vehumet accepts your kill.
The orc wizard shouts!
Your Spellcasting skill increases to level 4!
You have reached level 8!
You feel agile.
Unknown command.
Unknown command.
It was a potion of invisibility.
You fade into invisibility!
Something hits you.
You die...

Skill      XL: |  1  2  3  4  5  6  7 |
---------------+----------------------+-----
Air Magic      | 5 6 7 8 9 |  9.7
Spellcasting   | 3 4 |  4.0
Evocations     | 2 4 |  4.0
Dodging        | |  2.1
Stealth        | |  2.0
Conjurations   | |  1.3

Action                     |  1- 3 |  4- 6 |  7- 9 || total
---------------------------+-------+-------+-------++-------
  Melee: Dagger            |       |     9 |       ||     9
         Kick              |       |     2 |       ||     2
   Cast: Shock             |    83 |   104 |    42 ||   229
         Static Discharge  |       |     6 |     4 ||    10
    Use: Scroll            |       |     6 |     1 ||     7
         Potion            |       |       |     1 ||     1
 Armour: Robe              |     4 |    15 |    22 ||    41
  Dodge: Dodged            |     3 |    22 |    32 ||    57

Levels and vault maps discovered:
D:1:      shiori_arrival_elements, layout_loops_ring,
          dreamdust_ecumenical_altar_hidden_monk_grotto, minivault_27
D:2:      layout_basic
D:3:      layout_loops_ring, serial_shops, nicolae_shop_drivethru,
          kennysheep_jessica_study
D:4:      layout_loops_cross, minmay_temple_entry_large_hall,
          minmay_misc_feat_hallway, roderic_lattice_a
D:5:      layout_rooms, ebering_ghost_reflecting_pool,
          amcnicky_mini_pool_medium, uniq_ijyb
D:6:      layout_loops_ring, dk_noncrumbling_4, grunt_ministairs_14,
          uniq_prince_ribbit1, uniq_blork_the_orc, uniq_jeremiah
Temple:   grunt_wide_crystal_templ

Notes
Turn   | Place    | Note
-------+----------+-------------------------------------------
     0 | D:1      | quinnr the Tengu Air Elementalist began the quest for the
                  | Orb.
     0 | D:1      | Reached XP level 1. HP: 10/10 MP: 4/4
   207 | D:1      | Reached XP level 2. HP: 15/15 MP: 3/6
   387 | D:1      | Reached skill level 5 in Air Magic
   491 | D:1      | You fall into a shaft and drop 1 floor!
   565 | D:1      | Found a faded altar of an unknown god.
   732 | D:1      | Reached XP level 3. HP: 17/19 MP: 4/7
  1462 | D:2      | Reached skill level 6 in Air Magic
  1674 | D:2      | Reached XP level 4. HP: 24/24 MP: 5/8
  2210 | D:3      | Noticed an ogre
  2215 | D:3      | Killed an ogre
  2216 | D:3      | Reached skill level 7 in Air Magic
  2216 | D:3      | Reached XP level 5. HP: 28/28 MP: 3/9
  2274 | D:3      | Learned a level 2 spell: Static Discharge
  2278 | D:3      | Learned a level 3 spell: Swiftness
  2515 | D:3      | Reached skill level 8 in Air Magic
  2600 | D:3      | Noticed Jessica
  2611 | D:3      | Killed Jessica
  2745 | D:3      | Found a transporter.
  2745 | D:3      | Found Lojazeth's Assorted Antiques.
  2749 | D:3      | Reached XP level 6. HP: 32/32 MP: 6/10
  2812 | D:3      | Found a transporter.
  3253 | D:3      | Bought a scroll of identify for 46 gold pieces
  3253 | D:3      | Bought a scroll labelled NOATSE KATEHIU for 23 gold pieces
  3256 | D:3      | Identified a potion of resistance
  3593 | D:4      | Found a staircase to the Ecumenical Temple.
  3608 | Temple   | Entered the Ecumenical Temple
  3613 | Temple   | Became a worshipper of Vehumet
  3794 | D:5      | Entered Level 5 of the Dungeon
  3936 | D:5      | Identified the +1 chain mail of the Playwright {rElec rCorr
                  | Dex+2}
  3965 | D:5      | Noticed a black bear
  4010 | D:5      | Killed a black bear
  4011 | D:5      | Reached skill level 3 in Spellcasting
  4011 | D:5      | Reached skill level 9 in Air Magic
  4011 | D:5      | Reached skill level 1 in Evocations
  4109 | D:5      | Reached skill level 2 in Evocations
  4109 | D:5      | Gained mutation: Your magical flight helps you evade
                  | attacks. (EV +4) [Tengu growth]
  4109 | D:5      | Reached XP level 7. HP: 36/36 MP: 5/12
  4186 | D:5      | Reached skill level 3 in Evocations
  4280 | D:5      | Noticed Ijyb
  4287 | D:5      | Killed Ijyb
  4440 | D:4      | Reached skill level 4 in Evocations
  4445 | D:4      | Learned a level 4 spell: Airstrike
  5120 | D:5      | HP: 1/36 [something (9)]
  5123 | D:5      | Reached skill level 4 in Spellcasting
  5123 | D:5      | Reached XP level 8. HP: 2/41 MP: 6/15
  5123 | D:5      | Slain by an unseen horror

Vanquished Creatures
  A black bear (D:5)
  2 ogres
  A phantom (D:4)
  2 scorpions (D:5)
  A hound (D:5)
  A gnoll bouda (D:5)
  An orc priest (D:3)
  Jessica (D:3)
  2 orc wizards
  3 gnolls (D:5)
  4 adders
  A white imp (D:5)
  A worm (D:3)
  6 dart slugs
  16 orcs
  7 endoplasms
  5 giant cockroaches
  4 goblins
  5 hobgoblins
  4 quokkas
  7 ball pythons
  7 bats
  2 frilled lizards (D:1)
  9 kobolds
  5 rats
98 creatures vanquished.

Vanquished Creatures (collateral kills)
  A scorpion (D:5)
  Ijyb (D:5)
  A gnoll (D:5)
  4 orcs
7 creatures vanquished.

Vanquished Creatures (others)
  2 gnolls (D:5)
  An orc (D:3)
3 creatures vanquished.

Grand Total: 108 creatures vanquished

Table legend: (Time is in decaauts)
 A = Elapsed time spent in this place.
 B = Non-inter-level travel time spent in this place.
 C = Inter-level travel time spent in this place.
 D = Time resting spent in this place.
 E = Time spent auto-exploring this place.
 F = Levels seen in this place.
 G = Mean time per level.
                   A        B        C        D        E       F      G
               +--------+--------+--------+--------+--------+-----+--------+
         Total |   5122 |   4861 |    261 |    305 |   3873 |   7 |  731.7 |
       Dungeon |   5112 |   4859 |    253 |    305 |   3873 |   6 |  852.0 |
        Temple |     10 |      2 |      8 |      0 |      0 |   1 |   10.0 |
               +--------+--------+--------+--------+--------+-----+--------+

Top non-repeatable levels by time:
     D:1: 1348 daAuts
     D:3: 1238 daAuts
     D:4: 1160 daAuts
     D:2: 703 daAuts
     D:5: 656 daAuts
  Temple: 10 daAuts
     D:6: 3 daAuts

Table legend:
 A = Non-vault XP
 B = Vault XP
 C = Vault XP percentage of total XP
 D = Non-vault monster count
 E = Vault monster count
 F = Vault count percentage of total count
                 A         B        C        D         E       F
            +---------+---------+-------+---------+---------+-------
      Total |    1111 |     159 |  12.5 |     102 |       5 |   4.7
            +---------+---------+-------+---------+---------+-------
        D:1 |      51 |       0 |   0.0 |      30 |       0 |   0.0
        D:2 |      37 |       0 |   0.0 |      19 |       0 |   0.0
        D:3 |     210 |      39 |  15.7 |      18 |       2 |  10.0
        D:4 |     313 |       0 |   0.0 |      18 |       0 |   0.0
        D:5 |     500 |     120 |  19.4 |      17 |       3 |  15.0
            +---------+---------+-------+---------+---------+-------

Levels and vault maps discovered:
D:1:      shiori_arrival_elements, layout_loops_ring,
          dreamdust_ecumenical_altar_hidden_monk_grotto, minivault_27
D:2:      layout_basic
D:3:      layout_loops_ring, serial_shops, nicolae_shop_drivethru,
          kennysheep_jessica_study
D:4:      layout_loops_cross, minmay_temple_entry_large_hall,
          minmay_misc_feat_hallway, roderic_lattice_a
D:5:      layout_rooms, ebering_ghost_reflecting_pool,
          amcnicky_mini_pool_medium, uniq_ijyb
D:6:      layout_loops_ring, dk_noncrumbling_4, grunt_ministairs_14,
          uniq_prince_ribbit1, uniq_blork_the_orc, uniq_jeremiah
Temple:   grunt_wide_crystal_templ
